[ AOE2 MATCH · #506523191 ]
UnrankedAztecs vs Wu
Player's team · LOSS
Rival team · WIN
[ REPLAY ANALYSIS · EXTRACTED FROM THE RECORDED GAME ]
Feudal
10:45
Castle
24:07
Imperial
33:35
| APM avg | 46.1 |
| APM peak | 78 |
| eAPM avg | 28.8 |
| Villagers / military | 121 / 93 |
Focus
⚔️ 32.6% · 🌾 67.4%
Eagle Scout ×71 · Fishing Ship ×17 · Battering Ram ×13 · Trebuchet (Packed) ×4 · Mangonel ×3 · Monk ×2
Feudal
12:27
Castle
25:51
Imperial
33:49
| APM avg | 37.2 |
| APM peak | 65 |
| eAPM avg | 23.8 |
| Villagers / military | 109 / 6 |
Focus
⚔️ 37.2% · 🌾 62.8%
Unknown (1968) ×39 · Fishing Ship ×20 · Unknown (1974) ×18 · Unknown (1942) ×8 · Monk ×3 · Mangonel ×2
Match map
Initial resources + every placement click. Lines = walls · curves = elevation contours. ◆ gold · ⬟ stone · ● berries · ✦ relic · ◌ wall gap
Your base· ✓ Closed at 24:07 · 13t walls · no gate
MatzeAoE's base· ✓ Closed at 25:51 · 92t walls · no gate
Smoothed initial terrain · ◌ = detected wall gap · hover for details
Inputs per minute
— noah23 - - MatzeAoE
Build order — noah23
First 150 of 425 actions detected
| 0:00 | Create | Villager (Male) |
| 0:00 | Create | Villager (Male) |
| 0:00 | Create | Villager (Male) |
| 0:01 | Create | Villager (Male) |
| 0:02 | Build | House |
| 0:02 | Build | House |
| 0:41 | Research | Loom |
| 0:41 | Create | Villager (Male) |
| 0:54 | Create | Villager (Male) |
| 0:54 | Create | Villager (Male) |
| 1:31 | Build | Palisade Wall |
| 1:47 | Build | Palisade Wall |
| 1:50 | Create | Villager (Male) |
| 1:55 | Build | Palisade Wall |
| 2:38 | Build | Lumber Camp |
| 2:38 | Create | Villager (Male) |
| 2:43 | Create | Villager (Male) |
| 3:14 | Create | Villager (Male) |
| 3:32 | Build | House |
| 3:45 | Create | Villager (Male) |
| 3:45 | Create | Villager (Male) |
| 4:08 | Create | Villager (Male) |
| 4:08 | Create | Villager (Male) |
| 4:25 | Create | Villager (Male) |
| 4:54 | Create | Villager (Male) |
| 4:55 | Create | Villager (Male) |
| 5:18 | Create | Villager (Male) |
| 5:35 | Build | Dock |
| 5:40 | Create | Villager (Male) |
| 5:57 | Build | House |
| 6:17 | Create | Villager (Male) |
| 6:18 | Create | Villager (Male) |
| 6:30 | Create | Fishing Ship |
| 6:38 | Build | House |
| 7:01 | Create | Villager (Male) |
| 7:05 | Create | Villager (Male) |
| 7:12 | Create | Fishing Ship |
| 7:22 | Create | Villager (Male) |
| 7:24 | Create | Villager (Male) |
| 7:51 | Create | Fishing Ship |
| 8:16 | Create | Villager (Male) |
| 8:35 | Research | Feudal Age |
| 8:35 | Research | Feudal Age |
| 8:37 | Build | Mill |
| 9:10 | Build | Lumber Camp |
| 9:41 | Build | House |
| 9:45 | Create | Villager (Male) |
| 10:01 | Build | Mining Camp |
| 10:22 | Create | Villager (Male) |
| 10:45 | Age | Feudal Age |
| 10:50 | Build | Watch Tower |
| 10:52 | Research | Double-Bit Axe |
| 10:53 | Research | Double-Bit Axe |
| 10:55 | Research | Tech 906 |
| 11:01 | Create | Villager (Male) |
| 11:19 | Create | Villager (Male) |
| 12:04 | Create | Villager (Male) |
| 12:07 | Build | Blacksmith |
| 12:20 | Build | House |
| 12:28 | Create | Villager (Male) |
| 12:46 | Build | Watch Tower |
| 12:53 | Create | Villager (Male) |
| 13:13 | Create | Villager (Male) |
| 13:17 | Create | Villager (Male) |
| 13:20 | Research | Fletching |
| 13:20 | Research | Fletching |
| 13:22 | Create | Villager (Male) |
| 13:35 | Create | Villager (Male) |
| 13:37 | Build | Market |
| 13:41 | Create | Fishing Ship |
| 14:18 | Create | Villager (Male) |
| 14:20 | Create | Villager (Male) |
| 14:24 | Create | Villager (Male) |
| 14:45 | Build | House |
| 14:50 | Build | Watch Tower |
| 14:59 | Build | Farm |
| 15:04 | Build | Fish Trap |
| 15:06 | Build | Fish Trap |
| 15:18 | Create | Villager (Male) |
| 15:20 | Create | Villager (Male) |
| 15:57 | Create | Villager (Male) |
| 16:07 | Build | Watch Tower |
| 16:15 | Create | Villager (Male) |
| 16:18 | Build | Barracks |
| 16:25 | Create | Villager (Male) |
| 16:35 | Build | Outpost |
| 16:47 | Build | Outpost |
| 16:56 | Create | Villager (Male) |
| 16:58 | Build | Outpost |
| 17:19 | Build | Watch Tower |
| 17:26 | Build | House |
| 17:27 | Build | House |
| 17:32 | Build | Fish Trap |
| 17:41 | Build | Outpost |
| 17:45 | Build | Outpost |
| 17:56 | Build | Mining Camp |
| 18:11 | Build | Fish Trap |
| 18:14 | Create | Villager (Male) |
| 18:21 | Build | Watch Tower |
| 18:28 | Build | Outpost |
| 18:36 | Create | Fishing Ship |
| 18:39 | Build | Farm |
| 18:52 | Build | Watch Tower |
| 19:03 | Create | Eagle Scout |
| 19:03 | Create | Eagle Scout |
| 19:17 | Create | Villager (Male) |
| 19:20 | Build | Farm |
| 19:21 | Build | Farm |
| 19:21 | Build | Farm |
| 19:21 | Build | Farm |
| 19:21 | Build | Farm |
| 19:37 | Create | Villager (Male) |
| 19:44 | Build | Palisade Wall |
| 19:45 | Build | Palisade Wall |
| 19:47 | Build | Palisade Wall |
| 19:56 | Build | Watch Tower |
| 20:03 | Build | Fish Trap |
| 20:08 | Create | Villager (Male) |
| 20:15 | Create | Villager (Male) |
| 20:29 | Build | House |
| 20:30 | Build | House |
| 21:18 | Build | Stone Wall |
| 21:18 | Build | Stone Wall |
| 21:21 | Build | Stone Wall |
| 21:27 | Research | Castle Age |
| 21:28 | Research | Castle Age |
| 21:30 | Build | House |
| 21:31 | Build | House |
| 21:32 | Create | Fishing Ship |
| 21:34 | Build | Dock |
| 21:52 | Research | Gold Mining |
| 21:52 | Research | Gold Mining |
| 21:55 | Create | Eagle Scout |
| 21:55 | Create | Eagle Scout |
| 22:07 | Create | Eagle Scout |
| 22:16 | Build | Barracks |
| 22:26 | Research | Scale Mail Armor |
| 22:41 | Build | Fish Trap |
| 22:42 | Create | Fishing Ship |
| 22:49 | Create | Eagle Scout |
| 22:49 | Create | Eagle Scout |
| 23:06 | Research | Town Watch |
| 23:07 | Create | Eagle Scout |
| 23:33 | Build | Fish Trap |
| 23:34 | Create | Fishing Ship |
| 23:34 | Create | Fishing Ship |
| 23:35 | Create | Villager (Male) |
| 23:37 | Create | Villager (Male) |
| 23:50 | Create | Eagle Scout |
| 24:07 | Age | Castle Age |
Build order — MatzeAoE
First 150 of 364 actions detected
| 0:00 | Create | Villager (Male) |
| 0:01 | Create | Villager (Male) |
| 0:02 | Build | House |
| 0:11 | Build | House |
| 0:16 | Create | Villager (Male) |
| 0:16 | Create | Villager (Male) |
| 0:30 | Build | Palisade Wall |
| 1:23 | Research | Loom |
| 1:41 | Create | Villager (Male) |
| 2:19 | Create | Villager (Male) |
| 2:30 | Build | Palisade Wall |
| 2:40 | Create | Villager (Male) |
| 3:07 | Build | Palisade Wall |
| 3:10 | Build | Lumber Camp |
| 3:20 | Create | Villager (Male) |
| 3:23 | Create | Villager (Male) |
| 3:52 | Build | House |
| 4:03 | Create | Villager (Male) |
| 4:16 | Create | Villager (Male) |
| 4:33 | Create | Villager (Male) |
| 5:40 | Create | Villager (Male) |
| 5:40 | Create | Villager (Male) |
| 5:44 | Build | Dock |
| 5:48 | Build | Dock |
| 6:03 | Create | Villager (Male) |
| 6:10 | Build | House |
| 6:30 | Create | Villager (Male) |
| 6:32 | Create | Villager (Male) |
| 6:34 | Build | House |
| 6:40 | Create | Fishing Ship |
| 7:13 | Create | Fishing Ship |
| 7:23 | Create | Villager (Male) |
| 7:36 | Build | Dock |
| 7:40 | Create | Villager (Male) |
| 8:03 | Create | Fishing Ship |
| 8:17 | Create | Fishing Ship |
| 8:20 | Create | Villager (Male) |
| 8:36 | Build | House |
| 8:45 | Create | Fishing Ship |
| 8:54 | Create | Villager (Male) |
| 9:04 | Create | Villager (Male) |
| 9:05 | Create | Fishing Ship |
| 9:31 | Create | Fishing Ship |
| 9:52 | Create | Fishing Ship |
| 9:52 | Create | Villager (Male) |
| 10:16 | Research | Feudal Age |
| 10:38 | Build | Lumber Camp |
| 10:45 | Create | Fishing Ship |
| 10:47 | Build | House |
| 11:11 | Build | Palisade Wall |
| 11:33 | Create | Fishing Ship |
| 11:41 | Create | Fishing Ship |
| 11:46 | Build | House |
| 11:56 | Create | Villager (Male) |
| 12:09 | Build | House |
| 12:27 | Age | Feudal Age |
| 12:30 | Build | Stone Wall |
| 12:33 | Build | Stone Wall |
| 12:35 | Create | Villager (Male) |
| 12:37 | Build | Stone Wall |
| 12:43 | Research | Double-Bit Axe |
| 12:44 | Create | Villager (Male) |
| 12:48 | Build | Watch Tower |
| 12:59 | Build | Fish Trap |
| 13:01 | Build | Fish Trap |
| 13:04 | Build | Fish Trap |
| 13:36 | Create | Villager (Male) |
| 13:38 | Create | Fishing Ship |
| 13:43 | Build | Fish Trap |
| 13:47 | Build | Fish Trap |
| 13:51 | Build | Fish Trap |
| 14:32 | Build | Palisade Wall |
| 14:44 | Build | Mining Camp |
| 14:47 | Create | Villager (Male) |
| 14:51 | Build | Mill |
| 14:54 | Create | Villager (Male) |
| 14:56 | Create | Villager (Male) |
| 15:02 | Build | Fish Trap |
| 15:04 | Build | Fish Trap |
| 15:18 | Create | Villager (Male) |
| 15:24 | Build | Stone Wall |
| 15:36 | Create | Villager (Male) |
| 15:43 | Create | Villager (Male) |
| 15:50 | Build | Palisade Wall |
| 15:54 | Build | Palisade Wall |
| 15:54 | Create | Villager (Male) |
| 15:57 | Build | Palisade Wall |
| 15:58 | Create | Villager (Male) |
| 16:05 | Create | Villager (Male) |
| 16:14 | Create | Villager (Male) |
| 16:18 | Build | Lumber Camp |
| 16:32 | Build | Lumber Camp |
| 16:35 | Create | Fishing Ship |
| 16:35 | Create | Fishing Ship |
| 16:40 | Build | Fish Trap |
| 16:42 | Build | Fish Trap |
| 17:04 | Build | Fish Trap |
| 17:36 | Create | Villager (Male) |
| 17:42 | Build | Stone Wall |
| 17:46 | Create | Villager (Male) |
| 17:55 | Build | Palisade Wall |
| 18:00 | Build | Lumber Camp |
| 18:01 | Create | Villager (Male) |
| 18:04 | Create | Villager (Male) |
| 18:06 | Build | Palisade Wall |
| 18:23 | Build | House |
| 18:24 | Create | Villager (Male) |
| 18:27 | Build | Outpost |
| 18:30 | Build | Outpost |
| 18:33 | Create | Villager (Male) |
| 18:40 | Build | Blacksmith |
| 18:47 | Build | Palisade Wall |
| 18:48 | Build | Palisade Wall |
| 18:49 | Create | Villager (Male) |
| 18:51 | Build | Mining Camp |
| 18:55 | Create | Villager (Male) |
| 18:59 | Research | Fletching |
| 19:11 | Research | Town Watch |
| 19:12 | Create | Fishing Ship |
| 19:13 | Create | Fishing Ship |
| 19:18 | Create | Villager (Male) |
| 19:25 | Build | Stone Wall |
| 19:30 | Create | Villager (Male) |
| 19:31 | Build | Outpost |
| 19:35 | Create | Fishing Ship |
| 19:36 | Create | Fishing Ship |
| 19:37 | Create | Villager (Male) |
| 19:39 | Create | Villager (Male) |
| 19:46 | Build | Market |
| 19:50 | Create | Villager (Male) |
| 20:00 | Build | Fish Trap |
| 20:12 | Build | Watch Tower |
| 20:35 | Create | Villager (Male) |
| 20:40 | Build | House |
| 20:54 | Create | Villager (Male) |
| 21:06 | Build | House |
| 21:08 | Build | Palisade Wall |
| 21:12 | Build | Palisade Wall |
| 21:43 | Build | Lumber Camp |
| 21:46 | Create | Villager (Male) |
| 21:55 | Build | Fish Trap |
| 21:56 | Build | Fish Trap |
| 22:02 | Build | Fish Trap |
| 22:27 | Build | Mining Camp |
| 22:34 | Create | Fishing Ship |
| 22:34 | Create | Fishing Ship |
| 23:11 | Research | Castle Age |
| 23:15 | Build | Mining Camp |
| 23:23 | Build | Fish Trap |
| 23:28 | Research | Tech 906 |
Match timeline
| 0:30 | MatzeAoE · wall_segment Palisade Wall x5 |
| 1:31 | noah23 · wall_segment Palisade Wall x3 |
| 1:47 | noah23 · wall_segment Palisade Wall x3 |
| 1:55 | noah23 · wall_segment Palisade Wall x1 |
| 2:30 | MatzeAoE · wall_segment Palisade Wall x8 |
| 3:07 | MatzeAoE · wall_segment Palisade Wall x1 |
| 5:35 | noah23 · first_building Dock |
| 5:44 | MatzeAoE · first_building Dock |
| 10:45 | noah23 · age_up feudal |
| 11:11 | MatzeAoE · wall_segment Palisade Wall x9 |
| 12:27 | MatzeAoE · age_up feudal |
| 12:30 | MatzeAoE · wall_segment Stone Wall x8 |
| 12:33 | MatzeAoE · wall_segment Stone Wall x5 |
| 12:37 | MatzeAoE · wall_segment Stone Wall x1 |
| 14:32 | MatzeAoE · wall_segment Palisade Wall x1 |
| 15:24 | MatzeAoE · wall_segment Stone Wall x2 |
| 15:50 | MatzeAoE · wall_segment Palisade Wall x4 |
| 15:54 | MatzeAoE · wall_segment Palisade Wall x7 |
| 15:57 | MatzeAoE · wall_segment Palisade Wall x8 |
| 16:05 | noah23 · first_market_buy 100 stone |
| 16:18 | noah23 · first_building Barracks |
| 17:42 | MatzeAoE · wall_segment Stone Wall x5 |
| 17:55 | MatzeAoE · wall_segment Palisade Wall x7 |
| 18:06 | MatzeAoE · wall_segment Palisade Wall x6 |
| 18:47 | MatzeAoE · wall_segment Palisade Wall x1 |
| 18:48 | MatzeAoE · wall_segment Palisade Wall x1 |
| 19:25 | MatzeAoE · wall_segment Stone Wall x11 |
| 19:44 | noah23 · wall_segment Palisade Wall x1 |
| 19:45 | noah23 · wall_segment Palisade Wall x1 |
| 19:47 | noah23 · wall_segment Palisade Wall x1 |
| 21:08 | MatzeAoE · wall_segment Palisade Wall x1 |
| 21:12 | MatzeAoE · wall_segment Palisade Wall x1 |
| 21:18 | noah23 · wall_segment Stone Wall x1 |
| 21:18 | noah23 · wall_segment Stone Wall x1 |
| 21:21 | noah23 · wall_segment Stone Wall x1 |
| 23:10 | MatzeAoE · first_market_sell 100 food |
| 23:43 | MatzeAoE · wall_segment Palisade Wall x1 |
| 24:07 | noah23 · age_up castle |
| 24:19 | noah23 · first_building Siege Workshop |
| 25:27 | MatzeAoE · wall_segment Stone Wall x1 |
| 25:36 | MatzeAoE · wall_segment Stone Wall x1 |
| 25:48 | noah23 · first_market_sell 100 stone |
| 25:51 | MatzeAoE · age_up castle |
| 25:52 | MatzeAoE · first_building Castle |
| 26:37 | MatzeAoE · first_building Siege Workshop |
| 26:40 | MatzeAoE · wall_segment Stone Wall x1 |
| 31:51 | noah23 · first_building Castle |
| 33:35 | noah23 · age_up imperial |
| 33:49 | MatzeAoE · age_up imperial |
| 38:55 | noah23 · first_building Monastery |
| 40:06 | MatzeAoE · first_market_buy 100 stone |
| 40:26 | MatzeAoE · first_building Barracks |
| 40:57 | noah23 · wall_segment Stone Wall x1 |
| 41:00 | noah23 · wall_segment Stone Wall x1 |
| 41:02 | noah23 · wall_segment Stone Wall x1 |
| 41:09 | MatzeAoE · first_building Monastery |
| 44:43 | MatzeAoE · wall_segment Stone Wall x10 |
| 45:34 | noah23 · resign |
[ AI ANALYSIS · 1 CREDIT ]
What really happened in this match?
Wolo.gg analyzes every decision: build order, eco, micro, common mistakes by bracket. Personalized analysis on WhatsApp or Discord in 30 seconds.
Civ guide
Aztecs
Perfil
Jugador #5646670